 Dungeon Crawl Stone Soup version 0.31.0-4-g52a2dc7128 (webtiles) character file.

Game seed: 9501447828236595993

2524 jt the Grappler (level 9, -5/88 HPs)
             Began as a Troll Fighter on Jan 21, 2024.
             Was an Initiate of Wu Jian.
             Slain by a gnoll bouda
             ... wielding a +0 spear
              (7 damage)
             ... in a bailey.
             The game lasted 00:13:54 (5694 turns).

jt the Grappler (Troll Fighter)                     Turns: 5694, Time: 00:13:55

Health: -5/88      AC:  4    Str: 26    XL:     9   Next: 29%
Magic:  8/8        EV: 10    Int:  4    God:    Wu Jian [......]
Gold:   279        SH:  9    Dex: 13    Spells: 8/8 levels left

rFire   . .          .
                       - Unarmed
rCold   . . .        b - +0 kite shield
rNeg    . . .        a - +0 robe
rPois   +            (helmet restricted)
rElec   .            (no cloak)
rCorr   .            (gloves unavailable)
SInv    .            (boots unavailable)
Will    .....        (no amulet)
Stlth   +            q - ring of poison resistance
HPRegen 1.14/turn    (no ring)
MPRegen 0.11/turn

%: no passive effects
@: weakened
A: large, unfitting armour, claws 3, regeneration 1, shaggy fur 1, tough skin 1
a: Renounce Religion


You were in a bailey.
You worshipped Wu Jian.
Wu Jian was noncommittal.
You visited 2 branches of the dungeon, and saw 8 of its levels.
You also visited: Bailey.

You collected 279 gold pieces.

Inventory:

Hand Weapons
 l - a +0 mace
 n - a +0 hand axe
 p - a +2 dagger of venom
 t - a +0 sling
 B - a +0 war axe
 C - a +0 spear of freezing
 E - a +4 trident
Missiles
 c - 3 boomerangs
 e - 79 stones
 r - 21 poisoned darts (quivered)
 D - 5 throwing nets
Armour
 a - a +0 robe (worn)
 b - a +0 kite shield (worn)
Jewellery
 q - a ring of poison resistance (left claw)
Talismans
 d - a flux talisman
Wands
 j - a wand of iceblast (5)
 y - a wand of polymorph (11)
Scrolls
 g - a scroll of enchant weapon
 m - a scroll of revelation
 o - 3 scrolls of teleportation
 u - 2 scrolls of vulnerability
 v - 2 scrolls of blinking {unknown}
 x - 2 scrolls of fear {unknown}
 A - a scroll of enchant armour
Potions
 f - a potion of brilliance
 h - a potion of lignification
 i - a potion of enlightenment {unknown}
 k - 2 potions of heal wounds
 s - 3 potions of curing
 w - a potion of berserk rage {unknown}
 z - a potion of mutation {unknown}


   Skills:
 + Level 5.2 Fighting
 + Level 5.2 Dodging
 + Level 5.7 Shields
 * Level 8.3 Unarmed Combat
 * Level 0.3 Evocations


You had 8 spell levels left.
You didn't know any spells.
Your spell library contained the following spells:

 Spells                   Type           Power      Damage    Failure   Level
 Necrotise                Necr           0%         1d4       73%         1
 Sublimation of Blood     Necr           0%         N/A       86%         2
 Inner Flame              Hex/Fire       0%         N/A       97%         3
 Vampiric Draining        Necr           0%         2d6       97%         3
 Flame Wave               Conj/Fire      0%         2d4       100%        4
 Martyr's Knell           Necr/Summ      0%         N/A       100%        4
 Petrify                  Alch/Erth      0%         N/A       100%        4
 Sticky Flame             Fire/Alch      0%         2d4       100%        4
 Curse of Agony           Necr           0%         N/A       100%        5
 Irradiate                Conj/Alch      0%         3d11      100%        5


Dungeon Overview and Level Annotations

Branches:
Dungeon (7/15)             Temple (1/1) D:7          Bailey (1/1)

Altars:
Ashenzari
Cheibriados
Dithmenos
Elyvilon
Fedhas
Gozag
Hepliaklqana
Makhleb
Nemelex Xobeh
Okawaru
Qazlal
Sif Muna
Trog
Uskayaw
Vehumet
Wu Jian
Xom
Yredelemnul
Zin

Annotations:
D:6 3 runed translucent doors, Sapher's ghost, amateur OpIE


Innate Abilities, Weirdness & Mutations

You are too large for most types of armour.
You have claws for hands.
Your natural rate of healing is unusually fast.
You are covered in fur. (AC +1)
You have tough skin. (AC +1)


Message History

Press: ? - help, Shift-Dir - straight line, f/p - gnoll sergeant
Aim: a gnoll sergeant, wielding a +0 glaive and wearing a +2 chain mail of cold resistance (lightly wounded, covering ground quickly)
The mass of ice explodes!
The iceblast engulfs the gnoll sergeant!
The gnoll sergeant partially resists.
The gnoll sergeant is heavily wounded.
The iceblast engulfs the gnoll bouda!
You kill the gnoll bouda!
The Council accepts your kill.
The iceblast engulfs the gnoll bouda.
The gnoll bouda is lightly wounded.
The iceblast engulfs the gnoll!
The gnoll is heavily wounded.
The gnoll sergeant barely misses you.
The gnoll bouda hits you from afar with a +0 spear.
You block the gnoll sergeant's attack.
Unknown command.
You scratch the gnoll sergeant but do no damage.
The gnoll sergeant is almost dead.
You block the gnoll sergeant's attack.
The gnoll bouda hits you from afar with a +0 spear.
The gnoll hits you from afar with a +0 trident!
* * * LOW HITPOINT WARNING * * *
Aiming: Iceblast
Press: ? - help, Shift-Dir - straight line, f/p - gnoll sergeant
Aim: a gnoll sergeant, wielding a +0 glaive and wearing a +2 chain mail of cold resistance (heavily wounded, covering ground quickly)
The mass of ice explodes!
The iceblast engulfs the gnoll sergeant but does no damage.
The gnoll sergeant is heavily wounded.
The iceblast engulfs the gnoll bouda!
The gnoll bouda is severely wounded.
The iceblast engulfs the gnoll.
The gnoll is almost dead.
The gnoll sergeant hits you with a +0 halberd!
* * * LOW HITPOINT WARNING * * *
The gnoll sergeant hits you from afar with a +0 glaive!
* * * LOW HITPOINT WARNING * * *
You block the gnoll's attack.
The gnoll bouda hits you from afar with a +0 spear!
You die...

♣♣≈≈...# ♣.≈..### ♣♣.≈..#
♣..≈..# ♣..≈..# #####
♣♣..≈..# ##...##
♣♣...≈..######.....##
#♣♣♣.......'.).#g..$...#.
#∩.[)......[.)@)g).8...'..
#♣♣♣.......'(.g#g..$...#..
♣♣...≈..######.....## '
♣...≈..# ##...## ♣...≈..#
##### ♣♣..≈..# ♣♣.≈..#
♣.≈..### ♣♣≈≈...#


You could see 2 gnoll sergeants, a gnoll bouda (swift) and a gnoll (swift).

Vanquished Creatures
  Menkaure (D:5)
  2 black bears
  3 ice beasts (D:6)
  3 wolves (Bailey)
  4 ogres
  A phantom (D:6)
  A kobold brigand (D:6)
  4 scorpions
  3 bullfrogs
  3 gnoll sergeants (Bailey)
  5 hounds
  6 gnoll boudas (Bailey)
  3 iguanas
  3 adders
  11 gnolls
  A shadow imp (D:7)
  A white imp (D:6)
  A dart slug (D:4)
  An orc (D:3)
  3 bats
  7 endoplasms
  A giant cockroach (D:3)
  5 goblins
  6 hobgoblins
  2 quokkas
  2 ball pythons (D:1)
  7 frilled lizards
  14 kobolds
  7 rats
111 creatures vanquished.

Notes
Turn   | Place    | Note
-------+----------+-------------------------------------------
     0 | D:1      | jt the Troll Fighter began the quest for the Orb.
     0 | D:1      | Reached XP level 1. HP: 22/22 MP: 0/0
   258 | D:1      | Reached XP level 2. HP: 23/29 MP: 1/1
   266 | D:1      | Found a faded altar of an unknown god.
  1041 | D:2      | Reached XP level 3. HP: 36/36 MP: 2/2
  1376 | D:3      | Reached skill level 3 in Unarmed Combat
  2413 | D:4      | Reached XP level 4. HP: 44/44 MP: 3/3
  2440 | D:4      | Noticed a black bear
  2528 | D:5      | Entered Level 5 of the Dungeon
  2557 | D:5      | Noticed a scorpion
  2565 | D:5      | Killed a scorpion
  2609 | D:5      | Found a burning altar of Makhleb.
  2638 | D:5      | Noticed Menkaure
  2646 | D:5      | Killed Menkaure
  2647 | D:5      | Reached skill level 4 in Unarmed Combat
  2647 | D:5      | Reached XP level 5. HP: 33/53 MP: 4/4
  2737 | D:5      | Reached XP level 6. HP: 54/61 MP: 5/5
  3089 | D:4      | Reached skill level 5 in Unarmed Combat
  3120 | D:4      | Reached XP level 7. HP: 67/67 MP: 6/6
  4546 | D:6      | Found an iron altar of Okawaru.
  4548 | D:6      | Found a white marble altar of Elyvilon.
  4549 | D:6      | Found a runed translucent gate.
  4549 | D:6      | Found a runed translucent gate.
  4552 | D:6      | Found a runed translucent gate.
  4554 | D:6      | Noticed Sapher's ghost (amateur OpIE)
  4567 | D:6      | Reached skill level 6 in Unarmed Combat
  4629 | D:6      | Reached XP level 8. HP: 71/78 MP: 7/7
  4919 | D:6      | Found a shadowy altar of Dithmenos.
  5163 | D:6      | Reached skill level 5 in Shields
  5163 | D:6      | Reached skill level 7 in Unarmed Combat
  5340 | D:7      | Found a staircase to the Ecumenical Temple.
  5422 | Temple   | Entered the Ecumenical Temple
  5431 | Temple   | Became a worshipper of the Wu Jian Council
  5463 | D:7      | Found a flagged portal.
  5470 | Bailey   | Entered a bailey
  5576 | Bailey   | Reached skill level 5 in Fighting
  5576 | Bailey   | Reached skill level 5 in Dodging
  5576 | Bailey   | Reached XP level 9. HP: 41/88 MP: 8/8
  5645 | Bailey   | Reached skill level 8 in Unarmed Combat
  5694 | Bailey   | HP: 2/88 [gnoll sergeant/+0 glaive (13)]
  5694 | Bailey   | Slain by a gnoll bouda

Illustrated notes

Levels and vault maps discovered:
D:1:      dpeg_arrival_ternary, layout_basic,
          hellmonk_ecumenical_altar_arch_garden, serial_forest,
          infiniplex_forest_lined_corner, infiniplex_forest_clump_diagonal,
          infiniplex_forest_clump_small, infiniplex_forest_straight_3,
          infiniplex_forest_clump_double, infiniplex_forest_lined_corner,
          infiniplex_forest_lined_room_, infiniplex_forest_lined_corner,
          infiniplex_forest_straight_3, infiniplex_forest_straight_4
D:2:      layout_basic
D:3:      layout_basic
D:4:      layout_cave_pods, chequers_serial_rivers_micro_c
D:5:      layout_layer_cave, lightli_temple_of_fire, serial_bayou,
          serial_bayou_crossing, serial_bayou_shore_a, serial_bayou_pond_e,
          serial_bayou_lagoon_b, uniq_menkaure
D:6:      layout_gridville, grunt_dithmenos_shadows,
          mainiacjoe_overflow_catwalk_spiral, ebering_ghost_rock_garden
D:7:      layout_rooms, nicolae_overflow_hidden_temple,
          mainiacjoe_overflow_24_doors, minmay_temple_entry_tees,
          enter_bailey_2, chequers_decorated_corner, grunt_ogre_cave
Temple:   hellmonk_temple_two_chambers
Bailey:   bailey_polearm_gnolls_kennysheep, bailey

Skill      XL: |  1  2  3  4  5  6  7  8  9 |
---------------+----------------------------+-----
Shields        | 3 4 5 |  5.7
Unarmed Combat | 3 4 5 6 7 8 |  8.3
Fighting       | 3 4 5 |  5.2
Dodging        | 3 4 5 |  5.2
Evocations     | |  0.3

Action                     |  1- 3 |  4- 6 |  7- 9 || total
---------------------------+-------+-------+-------++-------
  Melee: Unarmed           |   111 |    40 |   165 ||   316
         Spear             |       |       |    16 ||    16
  Throw: Dart              |       |    14 |    35 ||    49
         Stone             |       |     3 |       ||     3
Ability: Lunge             |       |       |    11 ||    11
  Evoke: Wand              |       |       |     7 ||     7
    Use: Scroll            |     3 |       |     4 ||     7
         Potion            |       |     1 |     3 ||     4
 Armour: Robe              |    39 |    31 |    93 ||   163
         Skin              |       |       |    35 ||    35
  Dodge: Dodged            |    16 |    12 |    56 ||    84
  Block: Kite shield       |    34 |    13 |    87 ||   134
